 Dungeon Crawl Stone Soup version 0.29.1-13-g9f3cf754e1 (webtiles) character file.

Game seed: 12014195036987093863

145 Ayven the Ruffian (level 5, -2/41 HPs)
             Began as a Draconian Transmuter on Feb 10, 2023.
             Was a Follower of Cheibriados.
             Killed by divine providence
             ... invoked by an orc priest
              (13 damage)
             ... on level 3 of the Dungeon.
             The game lasted 00:09:36 (3824 turns).

Ayven the Ruffian (Draconian Transmuter)            Turns: 3824, Time: 00:09:37

Health: -2/41      AC:  5    Str: 17      XL:     5   Next: 6%
Magic:  8/8        EV: 12    Int: 14 (15) God:    Cheibriados [*.....]
Gold:   87         SH:  0    Dex: 13      Spells: 8/9 levels left

rFire   . . .      SeeInvis .   b - +4 short sword
rCold   . . .      Faith    .   (no shield)
rNeg    . . .      Spirit   .   (body armour unavailable)
rPois   .          Reflect  .   (helmet restricted)
rElec   .          Harm     .   (no cloak)
rCorr   .          Rampage  .   (no gloves)
Will    .....                   (no boots)
Stlth   +.........              (no amulet)
HPRegen 0.13/turn               (no ring)
MPRegen 0.11/turn               (no ring)

@: very slow
A: AC +5, unfitting armour, cold-blooded
a: Renounce Religion, Bend Time


You were on level 3 of the Dungeon.
You worshipped Cheibriados.
Cheibriados was aware of your devotion.
You visited 1 branch of the dungeon, and saw 3 of its levels.

You collected 87 gold pieces.

Inventory:

Hand Weapons
 b - a +4 short sword (weapon)
Missiles
 k - a throwing net
 n - 5 poisoned darts
Jewellery
 d - a ring of wizardry
 j - a ring of see invisible
Scrolls
 f - a scroll of enchant armour {unknown}
 l - 3 scrolls of identify
 m - 2 scrolls of teleportation {unknown}
 o - a scroll of magic mapping {unknown}
Potions
 a - 2 potions of lignification
 c - a potion of haste {unknown}
 e - a potion of cancellation
 g - a potion of resistance {unknown}


   Skills:
 + Level 1.9 Fighting
 + Level 1.9 Short Blades
 + Level 2.5 Dodging
 + Level 0.5 Stealth
 + Level 3.5 Unarmed Combat
 + Level 2.6 Spellcasting
 + Level 2.7 Transmutations


You had 8 spell levels left.
You knew the following spells:

 Your Spells              Type           Power      Damage    Failure   Level
a - Beastly Appendage     Tmut           18%        N/A       8%          1

Your spell library contained the following spells:

 Spells                   Type           Power      Damage    Failure   Level
 Wereblood                Tmut           9%         N/A       11%         2
 Foxfire                  Conj/Fire      4%         2x1d4     22%         1
 Scorch                   Fire           2%         2d5       34%         2
 Spider Form              Tmut/Pois      5%         N/A       36%         3
 Conjure Flame            Conj/Fire      1%         6-21      56%         3
 Inner Flame              Hex/Fire       1%         N/A       56%         3
 Ice Form                 Ice/Tmut       5%         N/A       77%         4
 Flame Wave               Conj/Fire      1%         2d4       92%         4
 Summon Cactus Giant      Summ           0%         N/A       100%        6


Dungeon Overview and Level Annotations

Branches:
Dungeon (3/15)

Altars:
Cheibriados


Innate Abilities, Weirdness & Mutations

Your plain brown scales are hard. (AC +5)
You cannot fit into any form of body armour.
You are cold-blooded and may be slowed by cold attacks.


Message History

Press: ? - help, Q - select action, (/) - cycle Dir - look around, f - activate The air fills with toxic fumes!
As you read the scroll of poison, it crumbles to dust.
The orc wizard barely misses you. Something barely misses you.
Okay, then.
You are too injured to fight recklessly!
You hit the orc wizard.
The orc wizard is heavily wounded.
Something hits you but does no damage. The orc wizard closely misses you.
You puncture the orc wizard!
You kill the orc wizard!
Cheibriados appreciates the change of pace.
Something hits you.
You feel your strength returning.
An orc wizard appears from thin air!
Reactivating autopickup.
Things that are here:
a +0 dagger; a +0 robe You closely miss the orc wizard.
You tail-slap the orc wizard.
The orc wizard is lightly wounded.
The orc wizard casts a spell at you. The magic dart hits you.
* * * LOW HITPOINT WARNING * * *
You hit the orc wizard.
The orc wizard is heavily wounded.
The orc wizard hits you but does no damage.
You puncture the orc wizard!
Your tail-slap misses the orc wizard.
The orc wizard is almost dead.
The orc wizard barely misses you.
You closely miss the orc wizard. You tail-slap the orc wizard.
You kill the orc wizard!
Cheibriados appreciates the change of pace.
You feel your intelligence returning.
You have reached level 5!
Items here: ))) [ ††.
Things that are here:
a +0 dagger; a +0 robe The orc priest calls down the wrath of Beogh upon you.
Beogh smites you!
You die...

.... ......## .#...
#...... ......
#.##..# ...○.○
#.##..#
.....o###○##..#
.........°##..###
.......°°.......# .
..<..#)#.##..#.# .#
.....#@#.##.)#.# ..#
.....#.#.##..#.#..#
...................#
........○..........#
####..°°......#.##.#
#....#.###.#.## #
##.#°#°.......#
#.#.#..##.#......
####......##.##.#.##


You could see an orc priest.

Vanquished Creatures
  2 orc wizards (D:3)
  2 adders (D:2)
  A worm (D:2)
  2 dart slugs (D:1)
  3 orcs (D:3)
  4 ball pythons
  12 endoplasms
  3 giant cockroaches
  3 goblins
  5 hobgoblins
  3 quokkas
  8 bats
  3 frilled lizards (D:1)
  6 kobolds
  6 rats
63 creatures vanquished.

Vanquished Creatures (others)
  A fungus (D:2)
  4 plants (D:2)
5 creatures vanquished.

Grand Total: 68 creatures vanquished

Notes
Turn   | Place    | Note
-------+----------+-------------------------------------------
     0 | D:1      | Ayven the Draconian Transmuter began the quest for the Orb.
     0 | D:1      | Reached XP level 1. HP: 16/16 MP: 3/3
   307 | D:1      | Reached XP level 2. HP: 10/23 MP: 3/5
  1137 | D:1      | Reached XP level 3. HP: 25/28 MP: 4/6
  1350 | D:1      | Reached skill level 1 in Short Blades
  2701 | D:2      | Found a faded altar of an unknown god.
  2862 | D:2      | Reached XP level 4. HP: 25/35 MP: 7/7
  3617 | D:2      | Prayed at the altar of an unknown god.
  3617 | D:2      | Became a worshipper of Cheibriados the Contemplative
  3617 | D:2      | Reached * piety under Cheibriados
  3817 | D:3      | Reached XP level 5. HP: 10/41 MP: 8/8
  3824 | D:3      | Killed from afar by an orc priest

Illustrated notes

Levels and vault maps discovered:
D:1:      lemuel_arrival_broad_hall, layout_basic, st_stairs_10
D:2:      layout_basic, shapermc_ecumenical_altar_acropolis, minmay_pentomino_t4
D:3:      layout_basic, uniq_jessica

Skill      XL: |  1  2  3 |
---------------+----------+-----
Dodging        | 2 |  2.5
Short Blades   | 1 |  1.9
Fighting       | |  1.9
Stealth        | |  0.5
Unarmed Combat | |  3.5
Spellcasting   | |  2.6
Transmutations | |  2.7

Action                   |  1- 3 |  4- 6 || total
-------------------------+-------+-------++-------
Melee: Short sword       |   116 |    53 ||   169
       Kick              |    16 |     2 ||    18
       Tailslap          |     4 |    12 ||    16
       Unarmed           |     2 |       ||     2
       Headbutt          |     5 |     2 ||     7
       Punch             |     2 |     1 ||     3
 Cast: Beastly Appendage |    20 |     8 ||    28
Invok: Bend Time         |       |     1 ||     1
  Use: Scroll            |     3 |     3 ||     6
       Potion            |     1 |       ||     1
 Stab: Sleeping          |     1 |     1 ||     2
Armor: Skin              |    95 |     8 ||   103
Dodge: Dodged            |   146 |    23 ||   169
